 Dungeon Crawl Stone Soup version 0.28-a0-178-ga708605c5b (webtiles) character file.

Game seed: 7961573650066178212

2 lnt the Sneak (level 1, -1/16 HPs)
             Began as an Octopode Delver on Aug 18, 2021.
             Shot with an arrow by a centaur (11 damage)
             ... on level 5 of the Dungeon.
             The game lasted 00:00:56 (212 turns).

lnt the Sneak (Octopode Delver)                      Turns: 212, Time: 00:00:57

Health: -1/16      AC:  1    Str: 11    XL:     1   Next: 30%
Magic:  1/1        EV: 13    Int: 12    God:
Gold:   6          SH:  0    Dex: 13    Spells: 0/0 levels left

rFire   . . .      SeeInvis .   a - +0 short sword
rCold   . . .      Faith    .   (no shield)
rNeg    . . .      Spirit   .   (helmet restricted)
rPois   .          Reflect  .   (no amulet)
rElec   .          Harm     .   (no ring)
rCorr   .          Rampage  .   (no ring)
Will    .....                   (no ring)
Stlth   ++++......              (no ring)
HPRegen 0.05/turn               (no ring)
MPRegen 0.07/turn               (no ring)
                                (no ring)
                                (no ring)

@: no status effects
A: almost no armour, amphibious, 8 rings, camouflage 1, gelatinous body 1,
(nimble swimmer 1), tentacles
a: no special abilities


You were on level 5 of the Dungeon.
You visited 1 branch of the dungeon, and saw 1 of its levels.

You collected 6 gold pieces.

Inventory:

Hand Weapons
 a - a +0 short sword (weapon)
Wands
 f - a wand of digging (3)
Scrolls
 b - a scroll of fog
 c - a scroll of magic mapping
 d - a scroll of fear
Potions
 e - a potion of haste


   Skills:
 + Level 3.0 Fighting
 - Level 2.0 Short Blades
 + Level 2.0 Dodging
 + Level 6.6 Stealth


You couldn't memorise any spells.
You didn't know any spells.
Your spell library was empty.

Dungeon Overview and Level Annotations

Branches:
Dungeon (5/15)
 Temple: D:4-7

Altars:


Innate Abilities, Weirdness & Mutations

You cannot wear most types of armour.
You are amphibious.
You can wear up to eight rings at the same time.
Your skin changes colour to match your surroundings (Stealth+).
Your rubbery body absorbs attacks. (AC +1, EV +1)
((You are camouflaged near water. (Stealth+)))
You have tentacles for arms and can constrict up to eight enemies at once.


Message History

You open the door.
There is an open door here.
Found a stone staircase leading down.
There is an open door here.
Found an escape hatch in the ceiling.
A sky beast and 2 gnolls come into view. 2 gnolls come into view.
Found 6 gold pieces.
You now have 6 gold pieces.
You open the door.
An orc comes into view. It is wielding a +0 flail.
The orc shouts!
There is an open door here. 2 orc priests come into view.
The orc priest moves out of view.
There is an open door here.
You hit the orc but do no damage. Your grab misses the orc.
The orc hits you with a +0 flail.
You barely miss the orc. You grab the orc. You constrict the orc.
The orc completely misses you.
You hit the orc.
The orc is heavily wounded.
You constrict the orc. The orc misses you.
You hit the orc.
You kill the orc!
You close the door.
You start resting.
HP restored.
Something unseen opens the door.
A centaur comes into view.
The centaur shouts!
The centaur wields a +0 shortbow of freezing.
It is covered in frost.
The centaur shoots an arrow.
The arrow hits you. The arrow freezes you.
You are too injured to fight recklessly!
You are too injured to fight recklessly!
The centaur shoots an arrow.
The arrow misses you.
The centaur shoots an arrow.
The arrow hits you!
Ouch! That really hurt!
You die...

#..###'###'##
##.#........#
#.#........#
#.#........#
#.#.....c..#
#########..........#
####..................#
#.........###.........#
#.........# ##@#'######
#.........# #.#.#
#........## #...#
######+##########..#
.....)......... #.>#
.......#######. ##'#
######## .. ...


You could see a centaur.

Vanquished Creatures
  An orc (D:5)
1 creature vanquished.

Notes
Turn   | Place    | Note
-------+----------+-------------------------------------------
     0 | D:5      | lnt the Octopode Delver began the quest for the Orb.
     0 | D:5      | Reached XP level 1. HP: 16/16 MP: 1/1
    73 | D:5      | Noticed a sky beast
    97 | D:5      | Noticed an orc priest
    97 | D:5      | Noticed an orc priest
   203 | D:5      | Noticed a centaur
   212 | D:5      | Shot with an arrow by a centaur

Illustrated notes

Levels and vault maps discovered:
D:5:      layout_basic, dancing_weapons_uskayaw, nicolae_overflow_crystal_walls,
          minmay_temple_entry_arrows, minmay_fire_ice_demons

Action                   || total
-------------------------++-------
Melee: Short sword       ||     4
       Constrict         ||     1
Dodge: Dodged            ||     3

Table legend: (Time is in decaauts)
 A = Elapsed time spent in this place.
 B = Non-inter-level travel time spent in this place.
 C = Inter-level travel time spent in this place.
 D = Time resting spent in this place.
 E = Time spent auto-exploring this place.
 F = Levels seen in this place.
 G = Mean time per level.
                   A        B        C        D        E       F      G
               +--------+--------+--------+--------+--------+-----+--------+
         Total |    212 |    212 |      0 |     83 |      0 |   1 |  212.0 |
       Dungeon |    212 |    212 |      0 |     83 |      0 |   1 |  212.0 |
               +--------+--------+--------+--------+--------+-----+--------+

Top non-repeatable levels by time:
     D:5: 212 daAuts
